 Dungeon Crawl Stone Soup version 0.28.0-1-gb440e238dd (webtiles) character file.

Game seed: 12516149590117028650

14 horus123 the Digger (level 2, 19/22 HPs)
             Began as a Deep Dwarf Earth Elementalist on Feb 20, 2022.
             Got out of the dungeon alive.
             The game lasted 00:02:24 (433 turns).

horus123 the Digger (Deep Dwarf Earth Elementalist)  Turns: 433, Time: 00:02:25

Health: 19/22      AC:  2    Str: 11    XL:     2   Next: 31%
Magic:  5/5        EV: 12    Int: 15    God:
Gold:   3          SH:  0    Dex: 13    Spells: 5/6 levels left

rFire   . . .      SeeInvis .   d - +0 short sword
rCold   . . .      Faith    .   (no shield)
rNeg    . . .      Spirit   .   b - +0 robe
rPois   .          Reflect  .   (no helmet)
rElec   .          Harm     .   (no cloak)
rCorr   .          Rampage  .   (no gloves)
Will    .....                   (no boots)
Stlth   ++........              (no amulet)
HPRegen 0.00/turn               (no ring)
MPRegen 0.09/turn               (no ring)

@: no status effects
A: damage resistance, heal wounds, sense surroundings 1, no regeneration
a: Heal Wounds


You escaped.
You visited 1 branch of the dungeon, and saw 1 of its levels.

You collected 3 gold pieces.

Inventory:

Hand Weapons
 d - a +0 short sword (weapon)
Missiles
 c - 64 stones
Armour
 b - a +0 robe (worn)
Potions
 a - a potion of attraction {unknown}


   Skills:
 - Level 2.3 Dodging
 - Level 2.4 Stealth
 + Level 2.5 Spellcasting
 - Level 0.8 Transmutations
 - Level 4.0 Earth Magic


You had 5 spell levels left.
You knew the following spells:

 Your Spells              Type           Power      Damage    Failure   Level
a - Sandblast             Erth           26%        2d8       4%          1

Your spell library contained the following spells:

 Spells                   Type           Power      Damage    Failure   Level
 Passwall                 Tmut/Erth      7%         N/A       12%         2
 Stone Arrow              Conj/Erth      14%        3d7       28%         3
 Petrify                  Tmut/Erth      9%         N/A       61%         4


Dungeon Overview and Level Annotations

Branches:
Dungeon (1/15)

Altars:


Innate Abilities, Weirdness & Mutations

You are resistant to damage.
You can heal yourself by infusing magical energy.
You passively map a small area around you.
You do not regenerate.


Message History

You barely miss the jackal.
The jackal bites you but does no damage.
You barely miss the jackal. The jackal completely misses you. x2
Your magical contamination has completely faded away.
You closely miss the jackal.
The jackal bites you but does no damage.
The jackal bites you.
You hit the jackal.
The jackal is severely wounded.
The jackal misses you.
You closely miss the jackal.
The jackal is severely wounded.
The jackal misses you. The jackal bites you.
You hit the jackal.
You kill the jackal!
c - 64 stones (gained 1)
Things that are here:
a +0 short sword; a kobold corpse
Okay, then.
You fail to use your ability.
You fail to use your ability.
You feel much better.
Things that are here:
a +0 short sword; a kobold corpse You see here 20 arrows.
An endoplasm comes into view.
An endoplasm is nearby!
Okay, then.
An endoplasm is nearby!
The endoplasm quivers.
The endoplasm freezes you.
You are frozen.
The endoplasm closely misses you. The endoplasm hits you.
There is a staircase leading out of the dungeon here.
Are you sure you want to leave the Dungeon?
This will make you lose the game!
Alright, then stay!
Are you sure you want to leave the Dungeon?
This will make you lose the game!
The endoplasm hits you but does no damage.
You have escaped!

#..........###
###.r......
#....).......##
##.......
..##..######..#
#....... ...#..# ##.##
#.)...?. .....## #..#
#..##.## .....#
##..##### # #... ...
.†...# ###.....#.###.#
#.... .# .....#
###.............#
#.... ,. )....#
#.....#..@...#..
...).###...####..J###
, .....##..### ##...#
* #........# #....## ,
#........# ##.....## ,
.........####.......#
.(........##...#....#
,
.#######......###....#
, ####...##.....#
#...... *


You could see an endoplasm.

Vanquished Creatures
  A ball python (D:1)
  A bat (D:1)
  2 goblins (D:1)
  A hobgoblin (D:1)
  3 jackals (D:1)
  3 kobolds (D:1)
  A rat (D:1)
12 creatures vanquished.

Notes
Turn   | Place    | Note
-------+----------+-------------------------------------------
     0 | D:1      | horus123 the Deep Dwarf Earth Elementalist began the quest
                  | for the Orb.
     0 | D:1      | Reached XP level 1. HP: 15/15 MP: 3/3
   260 | D:1      | Reached XP level 2. HP: 22/22 MP: 0/5
   433 | D:$      | Got out of the dungeon alive.

Illustrated notes

Levels and vault maps discovered:
D:1:      dpeg_arrival_arbitrary_b, layout_rooms

Skill      XL: |  1 |
---------------+----+-----
Spellcasting   | 2 |  2.5
Dodging        | |  2.3
Stealth        | |  2.4
Transmutations | |  0.8
Earth Magic    | |  4.0

Action                   || total
-------------------------++-------
Melee: Short sword       ||    26
 Cast: Sandblast         ||    13
 Abil: Heal Wounds       ||     1
Armor: Robe              ||    10
Dodge: Dodged            ||    40
